 Dungeon Crawl Stone Soup version 0.24.0-123-gd5b16e6ec5 (webtiles) character file.

Game seed: 11688961928423740257, levelgen mode: deterministic

13262 Bluestream the Bludgeoner (level 11, -10/104 HPs)
             Began as a Minotaur Berserker on Jan 31, 2020.
             Was a High Priest of Trog.
             Killed by drain life
             ... invoked by a soul eater
             ... summoned by an orc high priest
              (16 damage)
             ... on level 2 of the Orcish Mines.
             The game lasted 00:36:16 (11389 turns).

Bluestream the Bludgeoner (Minotaur Berserker)     Turns: 11389, Time: 00:36:17

Health: -10/104    AC: 20    Str: 23    XL:     11   Next: 73%
Magic:  10/10      EV: 25    Int:  4    God:    Trog [*****.]
Gold:   1145       SH:  5    Dex: 17    Spells: 10/10 levels left

rFire    . . .     SeeInvis .   S - +7 morningstar (holy)
rCold    . . .     Gourm    .   R - +0 buckler
rNeg     . . .     Faith    .   F - +0 plate armour
rPois    .         Spirit   .   (helmet restricted)
rElec    +         Reflect  .   E - +0 cloak (curse)
rCorr    .         Harm     .   (no gloves)
MR       .....                  (no boots)
Stlth    ..........             y - amulet of Boset {Acrobat rElec Dex+3}
HPRegen  0.27/turn              L - +2 ring of strength
MPRegen  0.12/turn              j - +5 ring of protection

@: lethally poisoned (-10 -> -10), berserk cooldown, acrobat, slowed, very slow
A: retaliatory headbutt, horns 2
a: Berserk, Trog's Hand, Brothers in Arms, Renounce Religion


You were on level 2 of the Orcish Mines.
You worshipped Trog.
Trog was extremely pleased with you.
You were very hungry.

You visited 2 branches of the dungeon, and saw 12 of its levels.

You collected 1145 gold pieces.

Inventory:

Hand Weapons
 a - a +0 mace
 G - a +0 dire flail
 S - a +7 morningstar of holy wrath (weapon)
 V - a +5 eveningstar
Armour
 r - a +0 cloak
 w - a +0 ring mail of poison resistance
 B - a +0 chain mail
 E - a cursed +0 cloak (worn)
 F - a +0 plate armour (worn)
 R - a +0 buckler (worn)
Jewellery
 i - a +3 ring of intelligence
 j - a +5 ring of protection (right hand)
 y - the amulet of Boset (around neck) {Acrobat rElec Dex+3}
   (You found it on level 4 of the Dungeon)

   [amulet of the acrobat]

   It helps you evade while moving and waiting.
   It affects your dexterity (+3).
   It insulates you from electricity.
 z - an uncursed ring of poison resistance
 C - an uncursed ring of protection from cold
 I - an uncursed ring of magical power
 L - a +2 ring of strength (left hand)
 T - a +4 amulet of reflection {unknown}
Wands
 q - a wand of paralysis (28)
 s - a wand of digging (6)
 H - a wand of iceblast (16)
 M - a wand of scattershot (4)
 U - a wand of acid (8)
Scrolls
 e - 2 scrolls of amnesia
 g - 5 scrolls of teleportation {unknown}
 k - 6 scrolls of remove curse
 m - a scroll of immolation
 n - 3 scrolls of random uselessness
 p - a scroll of blinking {unknown}
 t - a scroll of fear
 v - 3 scrolls of enchant armour
 N - 3 scrolls of fog {unknown}
 O - a scroll of magic mapping {unknown}
 Q - a scroll of identify
Potions
 b - 2 potions of lignification {unknown}
 d - a potion of might {unknown}
 o - 2 potions of magic
 u - 2 potions of ambrosia
 x - 5 potions of brilliance
 A - a potion of agility {unknown}
 D - 3 potions of cancellation {unknown}
 J - 2 potions of degeneration {unknown}
 K - 2 potions of invisibility {unknown}
 P - a potion of berserk rage {unknown}
Comestibles
 c - 18 rations
 f - 2 chunks of flesh


   Skills:
 * Level 12.3 Fighting
 - Level 15.0 Maces & Flails
 + Level 9.8 Armour
 * Level 5.1 Dodging
 + Level 1.4 Stealth
 * Level 3.4 Shields


You had 10 spell levels left.
You didn't know any spells.
Your spell library was empty.

Dungeon Overview and Level Annotations

Branches:
Dungeon (10/15)            Temple (0/1) D:6            Lair (0/6) D:10
    Orc (2/2) D:9
    Elf: Orc:2

Altars:
Elyvilon
Okawaru
Sif Muna
Uskayaw
Xom
Zin
The Shining One

Shops:
D:5 *   D:9 [(


Innate Abilities, Weirdness & Mutations

You reflexively headbutt those who attack you in melee.
You have a pair of horns on your head.


Message History

The orc priest calls upon Beogh to heal the orc high priest.
The orc high priest's wounds heal themselves!
The red devil completely misses you.
The orc high priest hits you but does no damage.
The orc priest miscasts a cantrip.
The hellwing swoops through the air toward you!
You block the hellwing's attack.
The hellwing hits you but does no damage.
The red devil completely misses you.
The hellwing hits you but does no damage.
You block the hellwing's attack.
You feel sick.
The orc high priest mumbles some strange prayers to Beogh against you.
You struggle to resist.
The hellwing misses you. You furiously retaliate!
You headbutt the hellwing, but do no damage.
The hellwing completely misses you. The hellwing barely misses you.
The hellwing hits you!
* * * LOW HITPOINT WARNING * * *
The soul eater draws from the surrounding life force!
You die...

##.................)#
#................)..#
####.#............†)).#
##.##.#.....#..........#
#..........#.)....#....##
##....†)..[............÷##
##....).........o..$..[).####
#......).......3......#).....
##..)[......@o.4......[.[....
###<........4........$)))...
##.[..#...............$.....
#.....................[.....
##.#........................
##........#........$.......
##..###.#.................
#### ##..................
#.#...............


You could see a soul eater, an orc high priest (inner flame), a hellwing, a red
devil and an orc priest (inner flame).

Vanquished Creatures
  A two-headed ogre (D:10)
  Urug (D:9)
  3 orc high priests
  An unseen horror (D:10)
  A cyclops (D:7)
  Maurice (D:8)
  2 trolls (Orc:2)
  A hornet (D:9)
  Grinder (D:5)
  4 hippogriffs
  A hungry ghost (D:10)
  Duvessa (D:5)
  5 porcupines (D:10)
  15 orc warriors
  A sky beast (D:8)
  4 black bears
  An ice beast (D:8)
  6 ogres
  2 phantoms
  A necrophage (D:8)
  2 centaurs (D:7)
  4 big kobolds
  4 bullfrogs
  A gnoll sergeant (D:8)
  Dowan (D:5)
  5 scorpions
  7 killer bees
  A howler monkey (D:10)
  3 spriggan skeletons (D:10)
  8 crimson imps
  9 hounds
  2 quasits
  A jelly (D:6)
  17 orc priests
  Crazy Yiuf (D:5)
  4 centaur skeletons
  22 orc wizards
  Ijyb (D:3)
  Natasha (D:2)
  2 iguanas
  9 worker ants
  2 killer bee zombies
  2 hound skeletons (D:6)
  A worker ant zombie (D:8)
  4 gnolls (D:5)
  A howler monkey skeleton (D:6)
  11 adders
  3 oozes
  2 adder skeletons
  5 dart slugs
  8 leopard geckos
  54 orcs
  5 bats
  2 giant cockroaches
  11 goblins
  4 hobgoblins
  7 jackals
  20 kobolds
  3 quokkas
  3 frilled lizards (D:2)
  A jackal zombie (D:7)
  2 leopard gecko skeletons (D:4)
  2 quokka skeletons (D:6)
  10 rats
321 creatures vanquished.

Vanquished Creatures (others)
  An orc (Orc:1)
  30 fungi (D:10)
  8 plants (D:10)
39 creatures vanquished.

Grand Total: 360 creatures vanquished

Notes
Turn   | Place    | Note
-------+----------+-------------------------------------------
     0 | D:1      | Bluestream the Minotaur Berserker began the quest for the
                  | Orb.
     0 | D:1      | Reached XP level 1. HP: 19/19 MP: 0/0
   281 | D:1      | Reached XP level 2. HP: 27/27 MP: 1/1
   429 | D:1      | Reached skill level 4 in Maces & Flails
   856 | D:2      | Found a shimmering altar of Xom.
   860 | D:2      | Noticed an angel
   862 | D:2      | Found a glowing silver altar of Zin.
  1069 | D:2      | Reached XP level 3. HP: 15/34 MP: 2/2
  1097 | D:2      | Noticed Natasha
  1100 | D:2      | Killed Natasha
  1461 | D:2      | Reached skill level 5 in Maces & Flails
  1461 | D:2      | Reached XP level 4. HP: 34/41 MP: 3/3
  1757 | D:3      | Reached ** piety under Trog
  1935 | D:3      | Reached skill level 5 in Fighting
  1935 | D:3      | Reached XP level 5. HP: 39/48 MP: 4/4
  2079 | D:3      | Found a hide-covered altar of Uskayaw.
  2080 | D:3      | Found a glowing golden altar of the Shining One.
  2305 | D:3      | Noticed Ijyb
  2313 | D:3      | Killed Ijyb
  2313 | D:3      | Reached skill level 6 in Maces & Flails
  2653 | D:4      | Reached XP level 6. HP: 53/56 MP: 5/5
  2655 | D:4      | Got a flickering brass amulet
  2658 | D:4      | Identified the amulet of Boset {Acrobat rElec Dex+3} (You
                  | found it on level 4 of the Dungeon)
  2984 | D:4      | Reached skill level 7 in Maces & Flails
  3106 | D:4      | Reached *** piety under Trog
  3118 | D:4      | Reached XP level 7. HP: 44/63 MP: 6/6
  3341 | D:5      | Entered Level 5 of the Dungeon
  3391 | D:5      | Reached skill level 1 in Stealth
  3442 | D:5      | Found a white marble altar of Elyvilon.
  3444 | D:5      | Noticed Duvessa
  3444 | D:5      | Noticed Dowan
  3459 | D:5      | Killed Duvessa
  3459 | D:5      | Reached skill level 8 in Maces & Flails
  3461 | D:5      | Killed Dowan
  3514 | D:5      | Found a shimmering blue altar of Sif Muna.
  3554 | D:5      | Noticed Grinder
  3557 | D:5      | Found an iron altar of Okawaru.
  3566 | D:5      | Paralysed by Grinder for 5 turns
  3575 | D:5      | Reached skill level 5 in Armour
  3580 | D:5      | Killed Grinder
  3580 | D:5      | Reached XP level 8. HP: 63/71 MP: 7/7
  3650 | D:5      | Reached skill level 9 in Maces & Flails
  3865 | D:5      | Found Rurac's Serpentskin Sales.
  3932 | D:5      | Found a runed translucent door.
  3933 | D:5      | Noticed Crazy Yiuf
  3939 | D:5      | Killed Crazy Yiuf
  4388 | D:6      | Received a gift from Trog
  4395 | D:6      | Reached skill level 10 in Maces & Flails
  4579 | D:6      | Found a staircase to the Ecumenical Temple.
  4640 | D:6      | Reached **** piety under Trog
  5072 | D:6      | Reached XP level 9. HP: 80/81 MP: 8/8
  5113 | D:6      | Reached skill level 11 in Maces & Flails
  6020 | D:7      | Noticed a cyclops
  6031 | D:7      | Killed a cyclops
  6031 | D:7      | Reached skill level 12 in Maces & Flails
  7051 | D:8      | Reached XP level 10. HP: 84/91 MP: 9/9
  7065 | D:8      | Reached skill level 13 in Maces & Flails
  7084 | D:8      | Noticed Maurice
  7098 | D:8      | Reached ***** piety under Trog
  7100 | D:8      | Killed Maurice
  7705 | D:9      | Found Xaid's Armour Shoppe.
  7707 | D:9      | Found a staircase to the Orcish Mines.
  7718 | D:9      | Found Xeadweurr's Weapon Shoppe.
  7734 | D:9      | Reached skill level 10 in Fighting
  7766 | D:9      | Found a glowing golden altar of the Shining One.
  8289 | D:10     | Entered Level 10 of the Dungeon
  8312 | D:10     | Noticed a two-headed ogre
  8321 | D:10     | Killed a two-headed ogre
  8321 | D:10     | Reached skill level 14 in Maces & Flails
  8702 | D:10     | Received a gift from Trog
  8777 | D:10     | Killed an unseen horror
  8927 | D:10     | Reached XP level 11. HP: 101/101 MP: 10/10
  8959 | D:10     | Found a staircase to the Lair.
  9186 | D:10     | Reached skill level 1 in Shields
  9570 | Orc:1    | Entered Level 1 of the Orcish Mines
  9573 | Orc:1    | Noticed Urug
  9784 | D:9      | Reached skill level 15 in Maces & Flails
  9886 | D:9      | Killed Urug
 10510 | Orc:1    | You fall into a shaft and drop 1 floor!
 10510 | Orc:2    | Entered Level 2 of the Orcish Mines
 10626 | Orc:2    | Noticed an orc high priest
 10636 | Orc:2    | Killed an orc high priest
 10652 | Orc:2    | Noticed an orc high priest
 10677 | Orc:2    | HP: 5/103 [orc high priest/divine providence (11)]
 11203 | Orc:1    | Received a gift from Trog
 11261 | Orc:2    | Noticed a soul eater
 11267 | Orc:1    | Killed an orc high priest
 11351 | Orc:2    | Noticed an orc high priest
 11353 | Orc:2    | Noticed a sixfirhy
 11364 | Orc:2    | Noticed an orc high priest
 11368 | Orc:2    | Killed an orc high priest
 11368 | Orc:2    | Reached skill level 5 in Dodging
 11370 | Orc:2    | Noticed a sun demon
 11371 | Orc:2    | Noticed a sixfirhy
 11378 | Orc:2    | Noticed a soul eater
 11389 | Orc:2    | Killed from afar by a soul eater

Levels and vault maps discovered:
D:1:      dpeg_arrival_rhombi, layout_basic
D:2:      layout_loops_ring, grunt_temple_overflow_order_and_chaos_1,
          first_ration, minmay_misc_feat_cross, chequers_mini_garden,
          grunt_ministairs_6, minmay_tetromino_o2, uniq_natasha
D:3:      kennysheep_goblin_castle, layout_basic, grunt_temple_overflow_open,
          minmay_unequal
D:4:      layout_loops_cross
D:5:      layout_basic, minitemple, basic_altar, guppyfry_shop_venom,
          uniq_crazy_yiuf_cottage, uniq_duvessa, uniq_grinder
D:6:      layout_loops_corners, minmay_temple_entry_statues_fountains
D:7:      layout_cave_pods, minivault_1
D:8:      minmay_four_partial_circles, layout_basic, uniq_maurice
D:9:      layout_cave_pools, orc_david_3, basic_altar
D:10:     layout_stronghold, due_lair_maze_entry_diamond, minmay_crystal_room,
          hangedman_tell_no_tales
Orc:1:    layout_caves, uniq_urug
Orc:2:    st_orc_mages, layout_caves, uniq_snorg, uniq_azrael

Skill      XL: |  1  2  3  4  5  6  7  8  9 10 11 |
---------------+----------------------------------+-----
Fighting       | 4 5 6 7 9 10 12 | 12.3
Maces & Flails | 4 5 6 7 8 10 12 14 15 | 15.0
Armour         | 3 5 7 8 9 |  9.8
Stealth        | 1 |  1.4
Dodging        | 3 5 |  5.1
Shields        | 3 |  3.4

Action                   |  1- 3 |  4- 6 |  7- 9 | 10-12 || total
-------------------------+-------+-------+-------+-------++-------
Melee: Mace              |    55 |   139 |   106 |       ||   300
       Headbutt          |     2 |    17 |    82 |    81 ||   182
       Dire flail        |       |       |   205 |   179 ||   384
       Morningstar       |       |       |       |   197 ||   197
Invok: Berserk           |     1 |     2 |     3 |     4 ||    10
       Trog's Hand       |       |     1 |       |       ||     1
  Use: Scroll            |       |       |     7 |     8 ||    15
       Potion            |       |       |       |    13 ||    13
  Eat: Chunk             |     2 |     8 |     9 |    13 ||    32
       Ration            |       |       |     2 |     1 ||     3
Armor: Animal skin       |    12 |     3 |       |       ||    15
       Scale mail        |       |    23 |       |       ||    23
       Leather armour    |       |     1 |       |       ||     1
       Ring mail         |       |     9 |       |       ||     9
       Chain mail        |       |    11 |    48 |       ||    59
       Plate armour      |       |       |   100 |   210 ||   310
Dodge: Dodged            |    55 |    78 |   125 |   209 ||   467
Block: Buckler           |       |       |       |    42 ||    42
